 Dungeon Crawl Stone Soup version 0.23.2-1-ga50397a (webtiles) character file.

Game seed: 11963214687790945147

79102 Haldmier the Nimble (level 15, -7/96 HPs)
             Began as a Tengu Conjurer on Apr 28, 2019.
             Was the Champion of Vehumet.
             Mangled by an alligator (21 damage)
             ... led by an alligator
             ... on level 2 of the Swamp on May 9, 2019.
             The game lasted 02:31:26 (29932 turns).

Haldmier the Nimble (Tengu Conjurer)               Turns: 29932, Time: 02:31:27

Health: -7/96      AC:  4    Str: 10    XL:     15   Next: 62%
Magic:  0/27       EV: 26    Int: 22    God:    Vehumet [******]
Gold:   2514       SH:  5    Dex: 16    Spells: 0/28 levels left

rFire    . . .     SeeInvis .   J - +9 scimitar of the Middle {flame, +Blink rPois rF- Int+3}
rCold    . . .     Gourm    .   T - +0 buckler
rNeg     . . .     Faith    .   v - +0 troll leather armour
rPois    +         Spirit   +   (helmet restricted)
rElec    .         Reflect  .   G - scarf {Spirit}
rCorr    .         Harm     .   (no gloves)
MR       +....                  (boots unavailable)
Stlth    +++.......             (no amulet)
HPRegen  0.66/turn              g - ring of protection from cold
MPRegen  0.20/turn              F - ring of fire

@: flying quickly and evasively, quick
A: beak, talons 3, able to fly
a: Stop Flying, Renounce Religion, Evoke Blink


You were on level 2 of the Swamp.
You worshipped Vehumet.
Vehumet was exalted by your worship.
You were very hungry.

You visited 5 branches of the dungeon, and saw 25 of its levels.
You also visited: Ossuary and Ice Cave.

You collected 2688 gold pieces.
You spent 174 gold pieces at shops.

Inventory:

Hand Weapons
 J - the +9 scimitar of the Middle (weapon) {flame, +Blink rPois rF- Int+3}
   (You found it on level 6 of the Dungeon)

   It has been specially enchanted to burn those struck by it, causing extra
   injury to most foes and up to half again as much damage against particularly
   susceptible opponents.
   Big, fiery blades are also staple armaments of hydra-hunters.
   It affects your intelligence (+3).
   It makes you vulnerable to fire.
   It protects you from poison.
   It lets you blink.
 Q - the +8 hand axe of Reason {chop, rElec MR+ Str+3 SInv, unknown}
   (You found it on level 13 of the Dungeon)

   It inflicts extra damage upon your enemies.
   It affects your strength (+3).
   It insulates you from electricity.
   It affects your resistance to hostile enchantments.
   It lets you see invisible.
Armour
 t - a +1 robe of positive energy
 v - a +0 troll leather armour (worn)
 w - a +1 robe of magic resistance
 y - a +0 robe of fire resistance
 G - a scarf of spirit shield (worn)
 T - a +0 buckler (worn)
 W - a +2 cloak of cold resistance
Jewellery
 b - an uncursed ring of protection from cold
 g - a ring of protection from cold (left hand)
 F - a ring of fire (right hand)
 N - an uncursed ring of wizardry
 X - the ring "Joxkom" {Ice SInv}
   (You found it in an ice cave)

   [ring of ice]

   It enhances your ice magic.
   It makes you vulnerable to fire.
   It protects you from cold.
   It lets you see invisible.
 Y - an uncursed ring of poison resistance
Wands
 a - a wand of enslavement (16)
 d - a wand of paralysis (7)
 l - a wand of iceblast (26)
 r - a wand of clouds (2)
 s - a wand of scattershot (2)
 B - a wand of digging (4)
 K - a wand of acid (20)
 Z - a wand of flame (29)
Scrolls
 e - 3 scrolls of teleportation
 f - a scroll of holy word
 h - a scroll of enchant weapon {unknown}
 m - 6 scrolls of magic mapping
 C - 4 scrolls of remove curse
 E - 3 scrolls of fog
 I - a scroll of silence
 L - 3 scrolls of blinking
 P - 2 scrolls of random uselessness {unknown}
 U - 3 scrolls of fear
 V - a scroll of vulnerability {unknown}
Potions
 i - 3 potions of invisibility
 j - 14 potions of curing
 k - 8 potions of might
 n - 3 potions of agility
 o - 4 potions of lignification
 p - 2 potions of cancellation
 q - 3 potions of berserk rage
 u - 6 potions of heal wounds
 x - a potion of mutation
 z - 2 potions of brilliance
 A - 3 potions of haste
 D - 2 potions of magic
 H - a potion of resistance
Miscellaneous
 S - a phial of floods
Comestibles
 c - 42 rations


   Skills:
 + Level 12.0 Fighting
 - Level 14.0 Long Blades
 + Level 14.4 Dodging
 - Level 6.0 Stealth
 - Level 4.0 Shields
 + Level 7.4 Spellcasting
 + Level 14.3 Conjurations
 - Level 2.0 Hexes
 + Level 4.7 Fire Magic
 - Level 3.4 Evocations


You couldn't memorise any spells.
You knew the following spells:

 Your Spells              Type           Power        Failure   Level  Hunger
a - Magic Dart            Conj           ####         1%          1    None
b - Searing Ray           Conj           ######       1%          2    None
c - Dazzling Spray        Conj/Hex       #####.       1%          3    None
d - Iskenderun's Mystic   Conj           ######..     1%          4    ###....
e - Orb of Destruction    Conj           ######....   7%          7    #######
f - Iskenderun's Battles  Conj/Chrm      #####...     4%          5    #####..
g - Bolt of Fire          Conj/Fire      ######....   9%          6    ######.

Your spell library contained the following spells:

 Spells                   Type           Power        Failure   Level  Hunger
 Stone Arrow              Conj/Erth      #####.       1%          3    None
 Force Lance              Conj/Tloc      #####...     1%          4    ###....
 Fulminant Prism          Conj/Hex       #####.....   1%          4    ###....
 Inner Flame              Hex/Fire       ####....     2%          3    None
 Sandblast                Erth           #.....       3%          1    None
 Corona                   Hex            ###....      4%          1    None
 Slow                     Hex            ###.....     7%          2    None
 Passwall                 Tmut/Erth      #.......     16%         2    None
 Portal Projectile        Hex/Tloc       ##....       22%         3    None
 Spectral Weapon          Hex/Chrm       ##......     22%         3    None
 Summon Guardian Golem    Hex/Summ       ##......     22%         3    None
 Cause Fear               Hex            ###.......   43%         4    ###....
 Leda's Liquefaction      Hex/Erth       ##........   56%         4    ###....
 Lee's Rapid Deconstruct  Erth           #.........   56%         5    #####..
 Petrify                  Tmut/Erth      #.......     71%         4    ###....
 Haunt                    Necr/Summ      #.........   100%        7    #######
 Borgnjor's Revivificati  Necr           #.........   100%        8    #######
 Death's Door             Chrm/Necr      #.........   100%        8    #######
 Infestation              Necr           #.........   100%        8    #######
 Necromutation            Tmut/Necr      #.........   100%        8    #######


Dungeon Overview and Level Annotations

Branches:
Dungeon (14/15)            Temple (1/1) D:4            Lair (6/6) D:10
  Swamp (2/4) Lair:2       Spider (0/4) Lair:2        Slime (0/5) Lair:6
    Orc (2/2) D:11            Elf (0/3) Orc:2
 Vaults: D:13-14

Altars:
Ashenzari
Cheibriados
Dithmenos
Elyvilon
Fedhas
Gozag
Hepliaklqana
Kikubaaqudgha
Makhleb
Nemelex Xobeh
Okawaru
Qazlal
Ru
Sif Muna
Trog
Uskayaw
Vehumet
Wu Jian
Xom
Yredelemnul
Zin
The Shining One
Beogh
Jiyva

Shops:
D:7 =   D:9 [   D:12 *   Orc:2 %%!!(

Annotations:
D:12 3 runed translucent doors, Aske's ghost, journeyman GrGl
D:14 Rupert
Lair:2 exclusion: oklob plant
Lair:5 Snorg
Lair:6 2 exclusions


Innate Abilities, Weirdness & Mutations

You have a beak for a mouth.
You have claws for feet.
You can fly continuously.


Message History

You slash the alligator! You burn the alligator. You peck the alligator.
The alligator is heavily wounded.
You block the alligator's attack. The alligator tail-slaps you!
The alligator barely misses you. The alligator closely misses you.
The swamp worm throws harpoon shot at you.
The harpoon shot hits you!!
* * * LOW HITPOINT WARNING * * *
You are yanked forward by the harpoon shot.
Found a leather armour.
A swamp dragon comes into view.
You closely miss the swamp worm. You peck the swamp worm.
The swamp worm is lightly wounded.
You slash the swamp worm! You burn the swamp worm.
You peck the swamp worm, but do no damage.
The swamp worm is severely wounded.
The swamp worm closely misses you. The swamp worm bites you!
* * * LOW HITPOINT WARNING * * *
The alligator bites you!!
You die...

♣♣...[...≈
♣♣.≈≈≈≈.≈.♣
♣≈.≈≈≈≈..≈♣ ♣♣♣
♣≈≈≈≈≈≈...♣♣
..♣♣♣.≈≈≈≈≈.≈≈≈♣
.♣..°≈≈≈≈≈.≈≈≈♣
♣.≈≈≈≈≈≈≈w.≈≈♣
♣.≈≈..§tt@♣
♣≈≈≈≈.≈≈≈.♣
♣.≈≈≈..≈≈..≈
♣♣.≈≈......≈§.
♣♣§♣♣♣♣≈§.≈≈≈≈.
♣≈.≈♣≈..§≈..D≈
♣♣♣..♣♣..♣♣...≈
♣....♣≈.≈♣ ♣...
♣♣♣♣.....≈≈≈♣


You could see 2 alligators and a swamp worm.

Vanquished Creatures
  An Ice Fiend (IceCv)
  A thorn hunter (Swamp:2)
  A stone giant (Orc:1)
  Nessos (D:14)
  Josephine (D:11)
  A rakshasa (D:13)
  8 hydras
  A death knight (D:12)
  2 two-headed ogres (Orc:1)
  Erica (D:8)
  4 alligators
  Urug (Orc:1)
  3 orc high priests (Orc:2)
  Nergalle (Lair:1)
  A fire crab (Lair:5)
  An unseen horror (D:12)
  A lindwurm (Lair:6)
  The ghost of EtherCrawl the Reanimator, a novice DDNe (D:6)
  A swamp dragon (Lair:6)
  5 orc knights
  3 cyclopes
  A wolf spider zombie (D:13)
  4 orc sorcerers
  5 ugly things
  An ice statue (IceCv)
  A guardian serpent (shapeshifter) (D:13)
  5 black mambas
  9 spiny frogs
  5 rime drakes
  6 freezing wraiths (IceCv)
  6 komodo dragons
  2 anaconda simulacra (IceCv)
  8 trolls
  4 ice devils (IceCv)
  7 tyrant leeches
  2 hornets
  Prince Ribbit (D:8)
  2 slime creatures (Swamp:1)
  10 hippogriffs
  9 blink frogs
  8 dream sheep
  A meliai zombie (D:14)
  4 wyverns
  A dire elephant simulacrum (IceCv)
  4 wraiths (D:11)
  55 yaks
  3 basilisks
  A hungry ghost (D:11)
  Grum (D:8)
  4 vampire mosquitoes (Swamp:1)
  A steam dragon (Lair:6)
  8 wargs
  Menkaure (Ossuary)
  6 swamp worms
  4 iron troll simulacra (IceCv)
  3 acid dragons
  4 harpy simulacra (IceCv)
  11 water moccasins
  4 hydra simulacra (IceCv)
  11 porcupines
  18 orc warriors
  A black bear (D:8)
  A swamp drake (Swamp:1)
  3 ice beasts
  3 necrophages
  4 phantoms
  8 ogres
  16 wolves
  11 centaurs
  15 crocodiles
  6 big kobolds
  20 bullfrogs
  Blork the orc (D:5)
  A wyvern zombie (D:12)
  A wyvern skeleton (D:7)
  8 killer bees
  8 scorpions
  A swamp dragon simulacrum (IceCv)
  7 wights
  5 howler monkeys
  2 electric eels
  4 crimson imps
  2 bullfrog zombies (D:10)
  2 centaur zombies
  2 bullfrog skeletons
  10 hounds
  4 draconian simulacra (IceCv)
  A jelly (D:6)
  16 orc priests
  19 orc wizards
  3 centaur skeletons
  4 iguanas
  2 troll simulacra (IceCv)
  12 worker ants
  A polar bear simulacrum (IceCv)
  A spriggan simulacrum (IceCv)
  2 hound skeletons
  3 mummies (Ossuary)
  A worker ant zombie (D:6)
  6 adders
  2 naga simulacra (IceCv)
  3 ogre simulacra (IceCv)
  9 shadow imps
  6 white imps (IceCv)
  8 ufetubi (IceCv)
  2 oozes
  An adder zombie (D:6)
  An adder skeleton (D:6)
  6 worms
  A dart slug (D:1)
  7 leopard geckos
  76 orcs
  6 giant cockroaches
  7 goblins
  3 hobgoblins
  7 jackals
  9 quokkas
  4 ball pythons
  2 bats (D:3)
  4 frilled lizards
  8 gnoll skeletons (Ossuary)
  7 gnoll zombies (Ossuary)
  2 goblin skeletons (Ossuary)
  2 goblin zombies (Ossuary)
  A hobgoblin skeleton (Ossuary)
  2 hobgoblin zombies (Ossuary)
  21 kobolds
  5 kobold skeletons (Ossuary)
  4 kobold zombies (Ossuary)
  A leopard gecko skeleton (D:5)
  3 orc skeletons (Ossuary)
  4 orc zombies (Ossuary)
  2 quokka skeletons
  7 rats
  5 rat skeletons (Ossuary)
  3 rat zombies (Ossuary)
739 creatures vanquished.

Vanquished Creatures (others)
  An orc wizard (D:7)
  A white imp (IceCv)
  3 ufetubi (IceCv)
  An orc (Orc:2)
  2 goblin zombies (Ossuary)
  A hobgoblin skeleton (Ossuary)
  A hobgoblin zombie (Ossuary)
  9 fungi
  14 plants
33 creatures vanquished.

Grand Total: 772 creatures vanquished

Notes
Turn   | Place    | Note
-------+----------+-------------------------------------------
     0 | D:1      | Haldmier the Tengu Conjurer began the quest for the Orb.
     0 | D:1      | Reached XP level 1. HP: 10/10 MP: 4/4
   237 | D:1      | Reached XP level 2. HP: 15/15 MP: 0/6
   296 | D:1      | Learned a level 2 spell: Searing Ray
  1143 | D:2      | Reached XP level 3. HP: 19/19 MP: 2/7
  2204 | D:3      | Reached XP level 4. HP: 24/24 MP: 4/8
  2252 | D:3      | Learned a level 3 spell: Dazzling Spray
  3607 | D:4      | Gained mutation: You can fly continuously. [Tengu growth]
  3607 | D:4      | Reached XP level 5. HP: 28/28 MP: 5/9
  3989 | D:4      | Reached skill level 1 in Hexes
  4039 | D:4      | Found a staircase to the Ecumenical Temple.
  4043 | Temple   | Entered the Ecumenical Temple
  4186 | Temple   | Became a worshipper of Vehumet
  4237 | D:4      | Reached XP level 6. HP: 33/33 MP: 6/11
  4443 | D:4      | Learned a level 4 spell: Iskenderun's Mystic Blast
  5060 | D:4      | Reached skill level 1 in Fighting
  5535 | D:5      | Entered Level 5 of the Dungeon
  5880 | D:5      | Reached XP level 7. HP: 38/38 MP: 5/12
  6232 | D:5      | Noticed Blork the orc
  6826 | D:5      | Killed Blork the orc
  7419 | D:6      | Found a sand-covered staircase.
  7425 | Ossuary  | Entered an ossuary
  7569 | Ossuary  | Reached * piety under Vehumet
  7569 | Ossuary  | Offered knowledge of Flame Tongue by Vehumet.
  8336 | Ossuary  | Offered knowledge of Sting by Vehumet.
  8362 | Ossuary  | Reached ** piety under Vehumet
  8483 | Ossuary  | Noticed Menkaure
  8489 | Ossuary  | Killed Menkaure
  8849 | D:6      | Reached XP level 8. HP: 31/44 MP: 4/14
  9095 | D:6      | Found a runed translucent gate.
  9095 | D:6      | Found a runed translucent gate.
  9095 | D:6      | Found a runed translucent gate.
  9096 | D:6      | Noticed EtherCrawl's ghost (novice DDNe)
  9195 | D:6      | Got a fine scimitar
  9196 | D:6      | Identified the +9 scimitar of the Middle {flame, +Blink
                  | rPois rF- Int+3} (You found it on level 6 of the Dungeon)
  9431 | D:6      | Reached skill level 1 in Evocations
  9593 | D:6      | Offered knowledge of Mephitic Cloud by Vehumet.
  9726 | D:7      | Reached skill level 1 in Long Blades
  9882 | D:7      | Reached skill level 5 in Dodging
  9894 | D:7      | Found Ziaxt's Jewellery Shop.
  9955 | D:7      | Reached *** piety under Vehumet
 10034 | D:7      | Reached skill level 5 in Stealth
 10038 | D:7      | Reached XP level 9. HP: 47/51 MP: 5/16
 10280 | D:8      | Found a glowing golden altar of the Shining One.
 10385 | D:8      | Found a basalt altar of Yredelemnul.
 10423 | D:8      | Noticed Grum
 10429 | D:8      | Reached skill level 10 in Conjurations
 10679 | D:8      | Noticed Prince Ribbit
 10683 | D:8      | Killed Prince Ribbit
 10683 | D:8      | Offered knowledge of Ignite Poison by Vehumet.
 10841 | D:8      | Noticed Erica
 10852 | D:8      | Killed Erica
 10852 | D:8      | Reached skill level 5 in Spellcasting
 10852 | D:8      | Reached XP level 10. HP: 46/58 MP: 14/18
 11215 | D:8      | Killed Grum
 12015 | D:9      | Reached **** piety under Vehumet
 12127 | D:9      | Learned a level 3 spell: Ignite Poison
 12138 | D:9      | Reached skill level 5 in Fighting
 12219 | D:9      | Offered knowledge of Inner Flame by Vehumet.
 12222 | D:9      | Reached skill level 5 in Long Blades
 12344 | D:9      | Found Dush's Armour Shop.
 12428 | D:9      | Got a tattered robe
 12430 | D:9      | Identified the +2 robe of the Hall of Blades {SInv} (You
                  | found it on level 9 of the Dungeon)
 12620 | D:10     | Entered Level 10 of the Dungeon
 12753 | D:10     | Reached XP level 11. HP: 64/64 MP: 19/21
 12995 | D:10     | Found a staircase to the Lair.
 13443 | Lair:1   | Entered Level 1 of the Lair of Beasts
 13446 | Lair:1   | Reached skill level 1 in Shields
 13583 | Lair:1   | HP: 3/64 [rime drake/flash freeze (30)]
 13857 | Lair:1   | Reached ***** piety under Vehumet
 13857 | Lair:1   | Offered knowledge of Yara's Violent Unravelling by Vehumet.
 13859 | Lair:1   | Noticed Nergalle
 14330 | Lair:1   | Killed Nergalle
 14590 | Lair:1   | You are sucked into a shaft!
 14601 | Lair:2   | Found a hole to the Spider Nest.
 14693 | Lair:2   | Found an opulent altar of Gozag.
 14694 | Lair:2   | Noticed an oklob plant
 14922 | Lair:2   | Reached XP level 12. HP: 59/71 MP: 10/23
 15635 | Lair:2   | Found a staircase to the Swamp.
 17385 | Lair:4   | Reached skill level 10 in Long Blades
 17425 | Lair:4   | Noticed a four-headed hydra
 17443 | Lair:4   | Killed a one-headed hydra
 17457 | Lair:4   | Identified the Catalogue of Relativism
 18067 | Lair:5   | Noticed a six-headed hydra
 18075 | Lair:5   | Killed a four-headed hydra
 18176 | Lair:5   | Reached XP level 13. HP: 78/78 MP: 24/24
 18217 | Lair:5   | Noticed Snorg
 18298 | Lair:5   | Offered knowledge of Irradiate by Vehumet.
 19107 | Lair:6   | Entered Level 6 of the Lair of Beasts
 19205 | Lair:6   | Reached skill level 10 in Dodging
 19347 | Lair:6   | Found a staircase to the Slime Pits.
 19347 | Lair:6   | Found a viscous altar of Jiyva.
 19688 | Lair:6   | HP: 2/79 [yak (24)]
 20628 | Lair:6   | Noticed a fire dragon
 21108 | D:11     | Found a staircase to the Orcish Mines.
 21373 | D:11     | Noticed Josephine
 21485 | D:11     | Killed Josephine
 21590 | D:11     | Reached XP level 14. HP: 87/87 MP: 25/25
 21662 | D:11     | Offered knowledge of Iskenderun's Battlesphere by Vehumet.
 21814 | D:11     | Learned a level 5 spell: Iskenderun's Battlesphere
 22085 | Orc:1    | Entered Level 1 of the Orcish Mines
 22111 | Orc:1    | Found a roughly hewn altar of Beogh.
 22346 | Orc:2    | Entered Level 2 of the Orcish Mines
 22422 | Orc:1    | Reached skill level 10 in Fighting
 22491 | Orc:2    | Noticed Urug
 22595 | Orc:1    | Noticed a stone giant
 22630 | Orc:1    | Killed a stone giant
 23041 | Orc:2    | Found a staircase to the Elven Halls.
 23052 | Orc:1    | Killed Urug
 23260 | Orc:2    | Found Cyununk's Weapon Shop.
 24556 | Orc:2    | Found Hyngiupp's Food Emporium.
 24556 | Orc:2    | Found Riurirr's Distillery.
 24560 | Orc:2    | Found Hicoilir's Food Emporium.
 24560 | Orc:2    | Found Poveramy's Distillery.
 24580 | Orc:2    | Bought a potion of resistance for 150 gold pieces
 24889 | D:6      | Killed EtherCrawl's ghost
 25213 | D:12     | Found a runed translucent gate.
 25213 | D:12     | Found a runed translucent gate.
 25213 | D:12     | Found a runed translucent gate.
 25213 | D:12     | Noticed Aske's ghost (journeyman GrGl)
 25335 | D:12     | Found Axo Cuse's General Store.
 25338 | D:12     | Bought a scroll of identify for 24 gold pieces
 25918 | D:13     | Found a deep blue altar of Sif Muna.
 26118 | D:13     | Got a faintly glowing hand axe
 26128 | D:13     | Found a snail-covered altar of Cheibriados.
 26144 | D:13     | Offered knowledge of Bolt of Fire by Vehumet.
 26168 | D:13     | Learned a level 6 spell: Bolt of Fire
 26428 | D:13     | Reached skill level 1 in Fire Magic
 26544 | D:13     | Reached XP level 15. HP: 95/95 MP: 26/26
 26647 | D:14     | Noticed Nessos
 26659 | D:14     | Killed Nessos
 26855 | D:14     | Noticed Rupert
 27072 | Swamp:1  | Entered Level 1 of the Swamp
 27121 | Swamp:1  | Found a frozen archway.
 27130 | IceCv    | Entered an ice cave
 27774 | IceCv    | Reached ****** piety under Vehumet
 27789 | IceCv    | Offered knowledge of Orb of Destruction by Vehumet.
 28309 | IceCv    | Noticed an Ice Fiend
 28464 | IceCv    | Killed an Ice Fiend
 28700 | IceCv    | Got a warped glass ring
 28708 | IceCv    | Identified the ring "Joxkom" {Ice SInv} (You found it in an
                  | ice cave)
 28843 | Lair:5   | Learned a level 7 spell: Orb of Destruction
 29384 | Swamp:1  | Identified a scroll of acquirement
 29386 | Swamp:1  | Got a translucent large shield
 29397 | Swamp:1  | Identified the +3 large shield "Kiasust" {-Cast +Fly rElec
                  | Stlth-} (You acquired it on level 1 of the Swamp)
 29714 | Swamp:2  | Noticed a thorn hunter
 29859 | Swamp:2  | Killed a thorn hunter
 29932 | Swamp:2  | Mangled by an alligator

Skill      XL: |  1  2  3  4  5  6  7  8  9 10 11 12 13 14 15 |
---------------+----------------------------------------------+-----
Conjurations   | 6 7 8 9 10 12 13 14 | 14.3
Dodging        | 3 4 5 7 8 9 11 13 14 | 14.4
Stealth        | 3 4 5 6 |  6.0
Hexes          | 1 2 |  2.0
Spellcasting   | 3 4 5 6 7 |  7.4
Fighting       | 1 2 3 4 5 6 8 9 11 12 | 12.0
Evocations     | 1 3 |  3.4
Long Blades    | 1 3 6 8 10 13 14 | 14.0
Shields        | 4 |  4.0
Fire Magic     | 1 4 |  4.7

Action                   |  1- 3 |  4- 6 |  7- 9 | 10-12 | 13-15 || total
-------------------------+-------+-------+-------+-------+-------++-------
Melee: Unarmed           |     4 |       |       |       |       ||     4
       Kick              |     2 |     4 |    13 |   101 |   284 ||   404
       Peck              |     1 |     2 |    12 |    60 |   192 ||   267
       Dagger            |     1 |     1 |       |       |       ||     2
       Short sword       |       |     3 |       |       |       ||     3
       Flail             |       |    23 |    18 |       |       ||    41
       Scimitar          |       |       |    56 |   363 |   941 ||  1360
 Cast: Magic Dart        |    59 |    66 |   231 |   147 |    76 ||   579
       Searing Ray       |     4 |    16 |    10 |    11 |       ||    41
       Dazzling Spray    |       |     4 |     7 |    84 |   160 ||   255
       Iskenderun's Myst |       |       |     3 |     4 |     3 ||    10
       Iskenderun's Batt |       |       |       |       |    20 ||    20
       Orb of Destructio |       |       |       |       |    16 ||    16
       Bolt of Fire      |       |       |       |       |     5 ||     5
 Abil: Fly               |       |       |     1 |       |       ||     1
       Evoke Blink       |       |       |       |     1 |       ||     1
Evoke: Wand              |       |     1 |     2 |       |     3 ||     6
  Use: Scroll            |       |     3 |    10 |     1 |    22 ||    36
       Potion            |       |     1 |     1 |     1 |     1 ||     4
 Stab: Invisible         |       |     1 |     2 |    18 |    32 ||    53
       Distracted        |       |     1 |       |       |     1 ||     2
       Sleeping          |       |       |     4 |     8 |    12 ||    24
  Eat: Chunk             |     5 |    12 |    10 |    23 |    39 ||    89
       Ration            |       |       |     2 |       |     4 ||     6
Armor: Robe              |     1 |     5 |     1 |     4 |       ||    11
       Leather armour    |       |       |     7 |       |       ||     7
       Troll leather arm |       |       |       |    30 |    53 ||    83
Dodge: Dodged            |    10 |    31 |    77 |   286 |   770 ||  1174
Block: Buckler           |       |       |       |    54 |   202 ||   256
       Rpst.: Scimitar   |       |       |    16 |    90 |   167 ||   273
